Map: Dusty Gorge

Players

Wraith

  • Race: Protoss Protoss
  • Spawn Location: 11:00

KayeA

  • Race: Protoss Protoss
  • League: Platinum
  • Spawn Location: 9:00

Throwfordays

  • Race: Protoss Protoss
  • League: Silver
  • Spawn Location: 3:00

Cthulhu

  • Race: Protoss Protoss
  • Spawn Location: 5:00

VOD

Have the link to the VOD?

Description

Time

  • Played on: April 11, 2019, 9:19 p.m.
  • Length: 18:08
Show
View Real Time Build Order
Export as new Build Order

Wraith Protoss 

Build Orders:  

Get SALT Encoding   

  12  0:02  Probe  
  13  0:10  Probe  
  14  0:24  Pylon, Probe  
  15  0:42  Forge  
  15  0:58  Gateway  
  15  1:01  Pylon  
  15  1:02  Probe  
  15  1:10  Probe  
  16  1:14  Pylon  
  16  1:50  Photon Cannon  
  16  1:51  Photon Cannon  
  16  1:52  Gateway  
  16  1:56  Pylon  
  16  2:01  Assimilator  
  16  2:12  Photon Cannon  
  16  2:23  Photon Cannon  
  16  2:34  Pylon  
  16  2:37  Pylon  
  16  2:42  Pylon  
  16  2:58  Photon Cannon  
  16  3:03  Photon Cannon  
  16  3:16  Photon Cannon  
  16  3:26  Pylon  
  16  3:41  Photon Cannon  
  16  3:50  Cybernetics Core  
  16  3:55  Pylon  
  16  4:13  Photon Cannon  
  16  4:21  Photon Cannon  
  16  4:22  Adept  
  16  4:26  Photon Cannon  
  16  4:36  Probe  
  19  4:46  Shield Battery  
  19  4:52  Warp Gate  
  18  5:11  Robotics Facility  
  18  5:43  Nexus  
  18  6:00  Twilight Council  
  18  6:17  Immortal  
  22  6:48  Robotics Facility  
  22  6:49  Stalker  
  20  7:04  Pylon, Probe  
  20  7:07  Probe  
  22  7:16  Probe  
  22  7:19  Probe  
  24  7:23  Gateway  
  24  7:29  Probe  
  25  7:36  Immortal  
  29  7:43  Protoss Ground Armor Level 1  
  29  7:46  Probe  
  30  8:01  Gateway  
  30  8:05  Gateway  
  30  8:26  Dark Shrine  
  30  8:30  Assimilator  
  30  8:37  Probe x2  
  32  8:49  Probe  
  32  8:52  Assimilator  
  32  8:54  Assimilator  
  33  9:07  Immortal  
  37  9:10  Probe  
  38  9:25  Pylon  
  38  9:33  Immortal  
  38  9:38  Probe  
  43  9:54  Pylon, Sentry  
  43  9:55  Sentry  
  43  9:58  Probe  
  48  10:15  Pylon  
  48  10:20  Stalker  
  50  10:31  Photon Cannon  
  50  10:34  Sentry  
  52  10:46  Dark Templar  
  52  10:47  Sentry  
  56  10:52  Probe x2  
  58  11:03  Pylon  
  48  11:33  Protoss Ground Weapons Level 1  
  44  11:43  Pylon  
  44  11:45  Pylon  
  44  11:47  Pylon  
  44  11:50  Pylon  
  44  11:53  Pylon  
  44  11:57  Pylon  
  44  11:59  Pylon  
  44  12:04  Pylon  
  44  12:36  Dark Templar x3  
  50  12:37  Zealot x2  
  54  12:51  Immortal  
  58  12:58  Stalker  
  58  12:59  Stalker  
  60  13:28  Probe x2  
  60  13:33  Immortal  
  66  13:40  Probe x2  
  68  13:42  Protoss Shields Level 1  
  68  13:51  Robotics Bay  
  68  13:52  Probe  
  69  14:08  Nexus  
  46  14:54  Stalker x3  
  46  14:55  Stalker x2  
  56  15:13  Colossus x2  
  68  15:19  Extended Thermal Lance  
  68  15:22  Stalker x3  
  74  15:32  Blink  
  74  15:55  Shield Battery  
  74  15:57  Shield Battery  
  74  15:59  Stalker  
  76  16:07  Immortal  
  80  16:18  Colossus  
  86  16:33  Dark Templar  
  86  16:34  Dark Templar  
  86  16:35  Dark Templar  
  86  16:39  Archon  
  92  16:42  Dark Templar  
  78  17:18  Archon  
  78  17:21  Dark Templar  
  78  17:22  Dark Templar x3  
  80  17:32  Stalker  
Show
View Real Time Build Order
Export as new Build Order

KayeA Protoss 

Build Orders:  

Get SALT Encoding   

  1  0:00  Probe  
  12  0:06  Probe  
  14  0:19  Pylon  
  14  0:40  Forge  
  14  0:48  Probe  
  15  0:55  Pylon  
  15  1:11  Pylon  
  15  1:13  Probe  
  16  1:23  Assimilator  
  16  1:25  Probe  
  16  1:37  Probe  
  16  1:38  Pylon  
  17  1:45  Gateway  
  17  1:48  Probe  
  17  1:50  Pylon  
  18  1:56  Probe  
  19  2:04  Probe  
  20  2:15  Probe  
  20  2:21  Photon Cannon  
  21  2:23  Probe  
  22  2:31  Probe  
  22  2:33  Gateway  
  22  2:35  Cybernetics Core  
  23  2:42  Probe  
  24  2:54  Probe  
  25  3:06  Probe  
  26  3:18  Probe  
  27  3:30  Probe  
  28  3:39  Nexus  
  28  3:43  Probe  
  28  3:46  Stalker  
  28  3:47  Stalker  
  33  3:53  Shield Battery  
  33  3:55  Pylon, Probe  
  34  4:02  Assimilator  
  34  4:04  Probe  
  34  4:06  Protoss Ground Weapons Level 1  
  35  4:11  Warp Gate  
  35  4:12  Probe  
  35  4:16  Zealot  
  35  4:17  Photon Cannon, Zealot  
  40  4:21  Probe  
  41  4:35  Probe  
  42  4:42  Photon Cannon  
  42  4:43  Zealot, Probe  
  44  4:51  Probe  
  44  4:52  Probe  
  47  5:01  Pylon  
  47  5:03  Probe  
  47  5:04  Probe  
  47  5:13  Stalker x2  
  49  5:15  Probe  
  49  5:16  Probe  
  51  5:28  Probe  
  52  5:43  Stalker x2  
  50  6:13  Stalker  
  50  6:14  Assimilator, Zealot  
  50  6:17  Assimilator  
  54  6:24  Pylon, Probe  
  54  6:25  Probe  
  56  6:34  Gateway  
  56  6:37  Probe x2  
  56  6:38  Pylon  
  58  6:41  Pylon, Zealot  
  58  6:43  Nexus  
  60  6:49  Stargate, Probe  
  61  7:06  Stalker  
  61  7:08  Zealot  
  65  7:14  Stargate  
  65  7:17  Shield Battery  
  65  7:20  Photon Cannon  
  65  7:24  Shield Battery  
  65  7:28  Probe  
  65  7:29  Probe  
  67  7:32  Void Ray  
  67  7:35  Zealot  
  73  7:38  Assimilator  
  73  7:40  Probe  
  74  7:55  Probe  
  74  7:57  Twilight Council  
  75  8:00  Pylon  
  75  8:02  Pylon  
  75  8:04  Protoss Air Weapons Level 1  
  75  8:08  Probe x3  
  78  8:16  Sentry  
  80  8:23  Void Ray  
  84  8:28  Probe x2  
  85  8:39  Probe  
  85  8:40  Probe x2  
  88  8:45  Void Ray  
  92  8:52  Probe x2  
  92  8:54  Probe  
  94  9:04  Probe x2  
  94  9:06  Probe  
  94  9:09  Phoenix  
  99  9:16  Probe  
  100  9:20  Pylon  
  100  9:22  Fleet Beacon  
  100  9:24  Stalker  
  100  9:26  Probe  
  100  9:27  Probe  
  104  9:35  Assimilator  
  104  9:37  Probe  
  105  9:38  Stargate, Probe  
  105  9:45  Pylon, Probe  
  107  9:49  Probe  
  107  9:51  Probe  
  109  9:57  Probe  
  110  10:01  Probe  
  110  10:04  Robotics Facility  
  111  10:14  Tempest  
  116  10:15  Tempest  
  121  10:25  Photon Cannon  
  121  10:32  Pylon  
  121  10:35  Photon Cannon  
  121  10:44  Photon Cannon  
  121  10:45  Protoss Air Weapons Level 2  
  121  10:46  Pylon  
  121  10:49  Photon Cannon  
  121  10:52  Photon Cannon  
  121  10:53  Observer  
  121  10:54  Phoenix  
  124  10:57  Probe  
  124  10:58  Probe x2  
  114  11:41  Tempest, Void Ray  
  123  12:06  Pylon  
  123  12:07  Pylon  
  123  12:08  Tempest  
  121  12:11  Observer  
  121  12:20  Nexus  
  121  12:22  Pylon  
  115  12:24  Tempest x2  
  125  12:30  Probe  
  125  12:31  Probe x2  
  125  12:33  Observer  
  125  12:43  Probe x3  
  109  12:55  Probe x2  
  105  12:58  Immortal  
  105  13:00  Void Ray  
  109  13:06  Void Ray  
  113  13:14  Stargate  
  113  13:16  Stargate  
  113  13:20  Void Ray  
  113  13:22  Stalker x2  
  113  13:23  Stalker  
  123  13:31  Nexus  
  123  13:40  Mothership  
  131  13:42  Nexus  
  131  13:49  Tempest  
  136  13:59  Pylon  
  136  14:13  Probe x2  
  138  14:20  Photon Cannon  
  138  14:21  Photon Cannon  
  138  14:24  Pylon  
  138  14:25  Probe x2  
  123  14:57  Void Ray x3  
  123  14:58  Void Ray  
  112  15:33  Assimilator  
  112  15:35  Assimilator  
  112  15:39  Nexus  
  112  15:40  Observer, Void Ray, Carrier x2  
  112  15:42  Tempest  
  134  15:48  Zealot x3  
  140  15:50  Charge  
  140  15:55  Photon Cannon  
  140  16:02  Pylon  
  140  16:04  Void Ray  
  144  16:21  Shield Battery  
  144  16:23  Shield Battery  
  144  16:25  Shield Battery  
  144  16:26  Probe x3  
  144  16:27  Shield Battery  
  147  16:38  Probe x3  
  150  16:44  Carrier  
  155  16:50  Probe  
  113  18:07  Nexus  
Show
View Real Time Build Order
Export as new Build Order

Throwfordays Protoss 

Build Orders:  

Get SALT Encoding   

  12  0:01  Probe  
  13  0:17  Pylon  
  13  0:20  Probe  
  14  0:32  Probe  
  15  0:38  Gateway  
  15  0:46  Probe  
  16  0:54  Assimilator  
  16  0:58  Probe  
  17  1:26  Zealot  
  19  1:46  Cybernetics Core  
  19  1:52  Probe  
  20  2:01  Probe  
  21  2:09  Probe  
  21  2:12  Warp Gate  
  22  2:41  Nexus  
  22  2:47  Pylon  
  22  3:05  Adept  
  24  3:07  Probe  
  25  3:14  Robotics Facility  
  25  3:21  Gateway  
  25  3:39  Stalker  
  27  3:48  Probe  
  27  3:52  Probe  
  27  3:55  Pylon  
  28  3:56  Probe  
  28  4:00  Probe  
  28  4:01  Immortal  
  30  4:06  Probe  
  32  4:10  Probe  
  37  4:20  Stalker  
  39  4:25  Stalker  
  39  4:29  Assimilator  
  41  4:39  Assimilator  
  31  5:31  Immortal  
  31  5:32  Stalker  
  31  5:33  Probe  
  34  5:41  Probe x2  
  33  5:47  Zealot  
  30  5:51  Probe  
  30  5:53  Probe  
  31  6:02  Probe x2  
  32  6:10  Probe x2  
  35  6:18  Probe  
  35  6:19  Probe  
  35  6:23  Immortal  
  41  6:29  Probe  
  41  6:30  Probe  
  43  6:34  Assimilator  
  43  6:38  Probe  
  43  6:40  Zealot  
  43  6:41  Probe  
  43  6:46  Probe  
  47  6:54  Probe  
  49  6:58  Probe  
  50  7:10  Probe  
  51  7:17  Probe  
  51  7:22  Probe  
  53  7:25  Probe  
  54  7:31  Pylon  
  54  7:34  Pylon  
  54  7:37  Pylon  
  54  7:38  Pylon  
  54  7:40  Pylon  
  54  7:49  Probe x2  
  54  7:50  Immortal  
  60  7:56  Stalker x2  
  64  8:09  Probe  
  65  8:15  Probe  
  65  8:17  Probe  
  66  8:25  Robotics Facility  
  66  8:26  Robotics Facility  
  66  8:27  Probe  
  67  8:28  Probe  
  67  8:29  Forge  
  67  8:30  Forge  
  67  8:33  Gateway  
  69  8:35  Gateway  
  69  8:39  Probe  
  69  8:40  Probe  
  71  8:45  Immortal  
  71  8:47  Stalker x2  
  79  8:53  Pylon  
  79  8:55  Pylon  
  79  9:04  Protoss Ground Weapons Level 1  
  79  9:05  Protoss Ground Armor Level 1  
  79  9:08  Twilight Council  
  79  9:15  Observer, Immortal  
  84  9:25  Gateway  
  84  9:26  Gateway  
  84  9:31  Warp Prism  
  84  9:32  Pylon  
  84  9:36  Immortal  
  84  9:38  Stalker x2  
  92  9:39  Stalker x2  
  98  9:53  Blink  
  98  10:01  Nexus  
  98  10:04  Assimilator  
  98  10:09  Assimilator  
  98  10:13  Pylon  
  98  10:20  Observer  
  97  11:02  Stalker x6  
  99  11:27  Stalker x5  
  99  11:28  Stalker  
  45  11:43  Probe  
  45  11:46  Probe  
  47  11:49  Probe  
  47  11:52  Immortal  
  47  11:53  Immortal x2  
  60  11:54  Stalker  
  60  11:55  Stalker x5, Probe  
  60  11:58  Probe  
  74  12:01  Probe  
  74  12:07  Probe  
  76  12:10  Probe  
  76  12:13  Probe  
  76  12:19  Probe  
  77  12:23  Probe  
  77  12:24  Stalker x6  
  77  12:25  Probe  
  91  12:31  Probe  
  91  12:35  Probe  
  91  12:38  Probe  
  88  12:58  Immortal x3  
  100  13:03  Probe  
  100  13:05  Probe  
  102  13:15  Probe  
  102  13:17  Probe  
  102  13:27  Probe  
  102  13:29  Probe  
  104  13:34  Photon Cannon  
  104  13:36  Photon Cannon  
  104  13:38  Photon Cannon  
  104  13:39  Observer  
  105  13:46  Observer x2  
  107  13:49  Stalker x2  
  107  13:50  Stalker x4  
  119  14:01  Observer, Protoss Ground Armor Level 2, Protoss Ground Weapons Level 2  
  120  14:07  Immortal x2  
  128  14:10  Nexus  
  128  14:14  Assimilator  
  128  14:18  Assimilator  
  112  14:47  Stalker  
  112  14:48  Stalker x5  
  122  15:20  Probe  
  123  15:32  Probe  
  124  15:36  Nexus  
  124  15:44  Probe x2  
  126  15:52  Stalker x6  
  126  15:56  Probe x2, Warp Prism  
  142  15:59  Immortal x2  
  150  16:07  Gateway  
  150  16:08  Probe  
  150  16:11  Gateway  
  123  17:13  Stalker x3  
  123  17:14  Stalker x5  
  139  17:20  Warp Prism  
  79  17:46  Stalker x6  
  79  17:47  Stalker x2  
Show
View Real Time Build Order
Export as new Build Order

Cthulhu Protoss 

Build Orders:  

Get SALT Encoding   

  12  0:01  Probe  
  13  0:13  Probe  
  14  0:25  Probe  
  15  0:33  Pylon  
  15  0:45  Assimilator  
  15  0:51  Probe  
  16  0:57  Gateway  
  16  1:10  Probe  
  17  1:43  Zealot  
  17  1:46  Pylon  
  19  2:07  Nexus  
  19  2:10  Gateway  
  19  2:38  Zealot  
  19  2:39  Cybernetics Core  
  19  2:44  Probe  
  22  2:58  Zealot  
  18  3:05  Zealot  
  18  3:07  Probe  
  17  3:15  Probe  
  16  3:29  Forge  
  16  3:41  Pylon  
  16  3:53  Probe  
  16  3:55  Probe  
  18  4:02  Stalker  
  20  4:21  Photon Cannon  
  20  4:24  Probe  
  20  4:25  Probe  
  22  4:32  Probe  
  23  4:49  Pylon  
  23  4:59  Pylon  
  23  5:12  Shield Battery  
  21  5:19  Photon Cannon  
  21  5:20  Shield Battery  
  21  5:32  Probe x2  
  21  5:34  Photon Cannon  
  22  5:40  Probe x2  
  25  6:06  Photon Cannon, Probe x2  
  25  6:08  Protoss Ground Weapons Level 1  
  27  6:14  Stalker, Probe x2  
  31  6:39  Probe x2  
  33  6:51  Probe x2  
  35  6:55  Pylon  
  35  7:03  Pylon  
  35  7:06  Probe  
  35  7:07  Probe  
  37  7:18  Probe  
  37  7:19  Assimilator, Probe  
  39  7:25  Zealot  
  41  7:36  Probe x2  
  43  7:40  Assimilator  
  43  7:42  Warp Gate  
  43  7:44  Assimilator  
  43  7:48  Probe  
  44  7:53  Gateway  
  44  7:54  Stalker  
  46  7:59  Pylon  
  46  8:10  Robotics Facility  
  46  8:14  Twilight Council  
  46  8:16  Probe x2  
  46  8:17  Protoss Ground Armor Level 1, Stalker  
  50  8:28  Probe  
  51  8:38  Nexus  
  51  8:43  Pylon  
  51  8:47  Probe x2  
  53  8:52  Observer  
  53  8:59  Probe  
  55  9:11  Pylon, Probe  
  55  9:12  Probe  
  55  9:14  Charge  
  57  9:23  Templar Archives, Probe  
  58  9:37  Stalker  
  58  9:38  Stalker  
  62  9:50  Probe  
  63  9:54  Probe x2  
  65  10:02  Probe  
  65  10:03  Psionic Storm  
  65  10:04  Assimilator  
  66  10:10  Observer, High Templar x2  
  70  10:41  Probe x3  
  73  10:43  Observer  
  73  10:47  Pylon  
  73  10:50  Stalker  
  73  10:51  Stalker  
  73  10:53  Probe x3  
  80  11:05  Probe x2  
  81  11:43  High Templar x2  
  83  11:57  Gateway  
  59  12:31  Zealot x2  
  61  12:38  Photon Cannon x2  
  61  12:42  Gateway  
  61  12:44  Gateway  
  58  12:53  High Templar  
  58  12:54  Zealot  
  58  12:57  Zealot  
  50  13:16  Photon Cannon  
  50  13:17  High Templar  
  50  13:19  Photon Cannon  
  52  13:20  High Templar  
  52  13:24  Observer  
  52  13:26  Shield Battery  
  54  13:28  Photon Cannon  
  54  13:31  Protoss Ground Weapons Level 2  
  55  13:36  High Templar  
  57  13:41  Immortal  
  61  13:59  Probe x2  
  63  14:02  High Templar  
  63  14:03  High Templar x3  
  71  14:17  Nexus, Probe  
  71  14:18  Pylon, Probe  
  73  14:25  Immortal  
  64  14:59  Archon  
  58  15:05  High Templar x2  
  58  15:06  High Templar x3  
  68  15:30  Gateway  
  68  15:32  Pylon  
  68  15:37  Pylon  
  68  15:47  Assimilator  
  68  15:48  High Templar x5  
  78  16:00  Observer  
  79  16:31  Probe x2  
  85  16:32  Immortal  
  85  16:37  Zealot x5  
  85  16:38  Zealot  
  79  17:12  Immortal  
  67  17:23  High Templar x2  
  67  17:24  High Templar x4  
Tags
 
Add a new tag
Caveats
  • Supply blocks, unpowered buildings, or Contaminate may cause inaccurate times.
  • Supply counts are checked every 10 seconds.